 Dungeon Crawl Stone Soup version 0.29.0-4-gdea44cf6ec (webtiles) character file.

Game seed: 6720255874739565444

454 qw the Chopper (level 7, -4/40 HPs)
             Began as a Tengu Warper on Aug 28, 2022.
             Slain by Edmund
             ... wielding a +3 vorpal dire flail
              (14 damage)
             ... on level 5 of the Dungeon.
             The game lasted 00:00:23 (4443 turns).

qw the Chopper (Tengu Warper)                       Turns: 4443, Time: 00:00:23

Health: -4/40      AC:  9    Str: 13    XL:     7   Next: 5%
Magic:  11/11      EV:  7    Int: 14    God:
Gold:   105        SH:  4    Dex: 13    Spells: 10/10 levels left

rFire   . . .      SeeInvis .   Y - +0 war axe
rCold   . . .      Faith    .   b - +0 buckler
rNeg    . . .      Spirit   .   e - +0 chain mail
rPois   .          Reflect  .   (helmet restricted)
rElec   .          Harm     .   (no cloak)
rCorr   .          Rampage  .   (no gloves)
Will    .....                   (boots unavailable)
Stlth   ..........              (no amulet)
HPRegen 0.13/turn               (no ring)
MPRegen 0.12/turn               (no ring)

@: flying quickly and evasively, quick
A: beak, talons 3, nimble flight
a: no special abilities


You were on level 5 of the Dungeon.
You visited 1 branch of the dungeon, and saw 5 of its levels.

You collected 224 gold pieces.
You spent 119 gold pieces at shops.


Innate Abilities, Weirdness & Mutations

You have a beak for a mouth.
You have claws for feet.
Your magical nature lets you fly swiftly and evasively.


   Skills:
 + Level 2.4 Fighting
 - Level 7.1 Axes
 - Level 1.0 Throwing
 - Level 3.1 Armour
 - Level 2.1 Dodging
 - Level 1.0 Shields
 - Level 2.0 Spellcasting
 - Level 2.4 Translocations


You had 10 spell levels left.
You didn't know any spells.
Your spell library contained the following spells:

 Spells                   Type           Power      Damage    Failure   Level
 Blink                    Tloc           16%        N/A       99%         2
 Gell's Gravitas          Tloc           8%         N/A       100%        3
 Lesser Beckoning         Tloc           8%         N/A       100%        3
 Teleport Other           Tloc           8%         N/A       100%        3
 Manifold Assault         Tloc           8%         N/A       100%        5

Inventory:

Hand Weapons
 a - a +0 flail
 Y - a +0 war axe (weapon)
Missiles
 c - a boomerang
 d - 4 boomerangs of dispersal
 h - 4 javelins (quivered)
Armour
 b - a +0 buckler (worn)
 e - a +0 chain mail (worn)
Jewellery
 j - a ring of ice
Scrolls
 l - a scroll of silence {unknown}
 m - a scroll of identify
Potions
 f - 2 potions of cancellation
 g - 3 potions of curing
 i - a potion of mutation {unknown}
 k - 2 potions of brilliance {unknown}
 o - a potion of heal wounds {unknown}

Dungeon Overview and Level Annotations

Branches:
Dungeon (5/15)
 Temple: D:4-7

Altars:
Dithmenos
Hepliaklqana

Shops:
D:2 (   D:3 (   D:4 [:(*(

Annotations:
D:3 1 runed translucent door, Crazy Yiuf
D:5 Edmund


Message History

You kill the quokka!
You see here a quokka corpse.
k - 2 fuming amethyst potions
Found a hazy altar of Hepliaklqana.
Enter note:
l - a scroll labelled ZUTITE YCWER
Enter note: Edmund the Younger comes into view.
He is wielding a +3 vorpal dire flail.
Edmund shouts!
Enter note: Throw: 6 javelins
Press: ? - help, Q - select action, (/) - cycle Shift-Dir - straight line, f - Edmund You throw a javelin.
The javelin pierces through Edmund!
Edmund is lightly wounded.
Throw: 5 javelins
Press: ? - help, Q - select action, (/) - cycle Shift-Dir - straight line, f/p - Edmund You throw a javelin.
The javelin pierces through Edmund but does no damage.
Edmund is lightly wounded.
You barely miss Edmund.
Edmund is lightly wounded.
Edmund clears his throat.
Edmund hits you with a +3 vorpal dire flail.
You block Edmund's attack.
You slash Edmund! You claw Edmund, but do no damage.
Edmund is heavily wounded.
Edmund closely misses you.
You hit Edmund but do no damage.
Edmund is heavily wounded.
Edmund hits you with a +3 vorpal dire flail.
You hit Edmund but do no damage.
Edmund is heavily wounded.
Edmund hits you with a +3 vorpal dire flail.
You hit Edmund. Your kick misses Edmund. Your peck misses Edmund.
Edmund is heavily wounded.
Edmund hits you with a +3 vorpal dire flail!
You barely miss Edmund. You claw Edmund, but do no damage.
Edmund is heavily wounded.
Edmund hits you with a +3 vorpal dire flail!
You die...

#
##.#.#.##########
.....#..........#
###.############.#
#+ #.# ##.##
######...#
#......#.#
##.#......#
+..@....###
##@#...## #.##.##
#. ### .. .. #(.
###


You could see Edmund.

Vanquished Creatures
  A black bear (D:4)
  A phantom (D:4)
  A hound (D:4)
  A jelly (D:5)
  Jessica (D:2)
  Terence (D:2)
  An orc wizard (D:4)
  5 adders
  A worm (D:4)
  2 dart slugs
  11 orcs (D:4)
  11 ball pythons
  6 bats
  11 endoplasms
  2 giant cockroaches
  6 goblins
  3 hobgoblins
  8 jackals
  8 kobolds
  5 quokkas
  2 frilled lizards (D:2)
  3 rats
91 creatures vanquished.

Notes
Turn   | Place    | Note
-------+----------+-------------------------------------------
     0 | D:1      | qw the Tengu Warper began the quest for the Orb.
     0 | D:1      | Reached XP level 1. HP: 12/12 MP: 4/4
     0 | D:1      | 0 ||| qw: Version: 0.1-a-89-g26bdef1
     0 | D:1      | 0 ||| qw: Game counter: 687
     0 | D:1      | 0 ||| qw: Always use a shield: true
     0 | D:1      | 0 ||| qw: God list: Okawaru
     0 | D:1      | 0 ||| qw: Allow faded altars: false
     0 | D:1      | 0 ||| qw: Do Orc after D:15 true
     0 | D:1      | 0 ||| qw: Do second Lair branch before Depths: true
     0 | D:1      | 0 ||| qw: Lair rune preference: random
     0 | D:1      | 0 ||| qw: Plans: Normal
     0 | D:1      | 0 ||| PLANNING D:1-11
   128 | D:1      | Reached XP level 2. HP: 17/17 MP: 6/6
   257 | D:1      | Reached skill level 3 in Axes
   591 | D:1      | 591 ||| Stepping ~*~*~tactically~*~*~ (hiding).
   595 | D:1      | Reached XP level 3. HP: 21/21 MP: 7/7
   750 | D:1      | Found a faded altar of an unknown god.
   753 | D:1      | 753 ||| READING scroll labelled ILOCOE PIOKEOMM.
   754 | D:1      | 754 ||| READING scroll labelled PUACOI HUGUIQAKAJ.
   755 | D:1      | 755 ||| READING 3 scrolls labelled DOJIM AHOUKHLITU.
   756 | D:1      | 756 ||| READING 2 scrolls of enchant weapon.
   756 | D:1      | 756 ||| ENCHANTING +1 hand axe.
   757 | D:1      | 757 ||| READING scroll of enchant weapon.
   757 | D:1      | 757 ||| ENCHANTING +2 hand axe.
   758 | D:1      | 758 ||| READING scroll labelled CIURGH WORE.
   759 | D:1      | 759 ||| DROPPING scroll of blinking.
   760 | D:1      | 760 ||| Stepping randomly (stuck).
   761 | D:1      | 761 ||| Stepping ~*~*~tactically~*~*~ (cloud).
  1088 | D:2      | Reached skill level 4 in Axes
  1123 | D:2      | 1123 ||| Stepping ~*~*~tactically~*~*~ (hiding).
  1239 | D:2      | Noticed Terence
  1248 | D:2      | Killed Terence
  1249 | D:2      | Reached XP level 4. HP: 13/26 MP: 8/8
  1314 | D:2      | 1314 ||| FLEEEEING.
  1315 | D:2      | 1315 ||| FLEEEEING.
  1422 | D:2      | 1422 ||| DROPPING +0 whip.
  1461 | D:2      | Noticed Jessica
  1462 | D:2      | 1462 ||| Stepping ~*~*~tactically~*~*~ (hiding).
  1487 | D:2      | 1487 ||| Stepping ~*~*~tactically~*~*~ (stealth).
  1489 | D:2      | 1489 ||| Stepping ~*~*~tactically~*~*~ (hiding).
  1490 | D:2      | 1490 ||| Stepping ~*~*~tactically~*~*~ (hiding).
  1496 | D:2      | Killed Jessica
  1497 | D:2      | Reached skill level 5 in Axes
  1565 | D:2      | 1565 ||| SWAPPING to +1 hand axe of electrocution.
  1566 | D:2      | 1566 ||| DROPPING +3 hand axe of freezing.
  1622 | D:2      | Gained mutation: Your magical nature lets you fly swiftly
                  | and evasively. [Tengu growth]
  1622 | D:2      | Reached XP level 5. HP: 27/30 MP: 9/9
  1888 | D:2      | Found Ecrehir's Antique Weapon Emporium.
  1906 | D:2      | 1906 ||| SHOPLISTING glowing hand axe (126 gold, have 95).
  2213 | D:2      | 2213 ||| UPGRADING to +0 scale mail.
  2223 | D:2      | 2223 ||| DROPPING +0 leather armour.
  2224 | D:2      | 2224 ||| READING scroll labelled ZIMUTUQIAW.
  2225 | D:2      | 2225 ||| DRINKING 2 black potions.
  2226 | D:2      | 2226 ||| DROPPING potion of degeneration.
  2240 | D:3      | You are sucked into a shaft and drop 1 floor!
  2240 | D:4      | Found Fimuqipt's Armour Shoppe.
  2243 | D:4      | 2243 ||| BUYING +0 buckler (58 gold).
  2243 | D:4      | Bought a +0 buckler for 58 gold pieces
  2243 | D:4      | 2243 ||| SHOPLISTING +6 chain mail of Paranoia {rC+} (630
                  | gold, have 37).
  2256 | D:4      | Noticed a phantom
  2267 | D:4      | Killed a phantom
  2268 | D:4      | Reached skill level 6 in Axes
  2396 | D:4      | 2396 ||| Stepping ~*~*~tactically~*~*~ (stealth).
  2399 | D:4      | 2399 ||| Stepping ~*~*~tactically~*~*~ (stealth).
  2401 | D:4      | 2401 ||| Stepping ~*~*~tactically~*~*~ (stealth).
  2476 | D:4      | 2476 ||| Stepping ~*~*~tactically~*~*~ (stealth).
  2509 | D:4      | Found Uplivyow's Assorted Antiques.
  2568 | D:4      | 2568 ||| SHOPLISTING sapphire ring (130 gold, have 40).
  2568 | D:4      | 2568 ||| BUYING scroll labelled DAACSEPO SAITUJI (26 gold).
  2568 | D:4      | Bought a scroll labelled DAACSEPO SAITUJI for 26 gold
                  | pieces
  2638 | D:4      | 2638 ||| UPGRADING to +0 buckler.
  2643 | D:4      | 2643 ||| UPGRADING to +0 chain mail.
  2653 | D:4      | 2653 ||| DROPPING +0 scale mail.
  2654 | D:4      | 2654 ||| READING scroll labelled DAACSEPO SAITUJI.
  2655 | D:4      | 2655 ||| READING scroll labelled NEUGYN GUEDWATT.
  2683 | D:3      | Reached XP level 6. HP: 35/35 MP: 10/10
  2687 | D:3      | 2687 ||| Stepping ~*~*~tactically~*~*~ (stealth).
  2724 | D:3      | Reached skill level 1 in Shields
  3030 | D:3      | Found a shadowy altar of Dithmenos.
  3249 | D:3      | Found Piprerghe's Weapon Emporium.
  3251 | D:3      | 3251 ||| Stepping ~*~*~tactically~*~*~ (stealth).
  3273 | D:3      | 3273 ||| BUYING +0 war axe (35 gold).
  3273 | D:3      | Bought a +0 war axe for 35 gold pieces
  3273 | D:3      | 3273 ||| SWAPPING to +0 war axe.
  3274 | D:3      | 3274 ||| DROPPING +1 hand axe of electrocution.
  3445 | D:3      | Found a runed translucent door.
  3446 | D:3      | Noticed Crazy Yiuf
  3509 | D:3      | 3509 ||| READING scroll labelled DUGEAW YC BOWOCO.
  3510 | D:3      | 3510 ||| READING scroll labelled LIGIWIMITE.
  3511 | D:3      | 3511 ||| READING scroll labelled DAECAK ICUX.
  3512 | D:3      | 3512 ||| DRINKING 2 grey potions.
  3672 | D:4      | Noticed a black bear
  3680 | D:4      | Killed a black bear
  3681 | D:4      | Reached skill level 3 in Armour
  3848 | D:4      | Found Ystinoi's Weapon Emporium.
  3860 | D:4      | 3860 ||| Stepping ~*~*~tactically~*~*~ (hiding).
  3861 | D:4      | 3861 ||| Stepping ~*~*~tactically~*~*~ (hiding).
  3863 | D:4      | 3863 ||| Stepping ~*~*~tactically~*~*~ (stealth).
  3869 | D:4      | 3869 ||| Stepping ~*~*~tactically~*~*~ (stealth).
  3870 | D:4      | 3870 ||| Stepping ~*~*~tactically~*~*~ (stealth).
  4070 | D:4      | Found Xecvow's Antique Weapon Emporium.
  4141 | D:4      | Found Naett's Book Boutique.
  4156 | D:4      | Reached skill level 7 in Axes
  4204 | D:4      | 4204 ||| READING scroll labelled CYGASS OHOPAG.
  4205 | D:4      | 4205 ||| DRINKING 3 ruby potions.
  4222 | D:5      | Entered Level 5 of the Dungeon
  4227 | D:5      | Reached XP level 7. HP: 36/40 MP: 11/11
  4371 | D:5      | Found a hazy altar of Hepliaklqana.
  4434 | D:5      | Noticed Edmund
  4442 | D:5      | HP: 10/40 [Edmund/+3 vorpal dire flail (2)]
  4443 | D:5      | Slain by Edmund

Levels and vault maps discovered:
D:1:      psy_arrival_radial02, layout_rooms,
          shapermc_ecumenical_altar_mp_vishouse
D:2:      layout_basic, serial_shops, shop_fountains, minmay_misc_feat_rows,
          uniq_terence, uniq_jessica
D:3:      layout_basic, mainiacjoe_overflow_24_doors, serial_shops,
          nicolae_diamond_shop, minmay_misc_feat_chi, minivault_27,
          uniq_crazy_yiuf_cottage
D:4:      layout_loops_ring, serial_shops, nicolae_square_shop,
          nicolae_lakefront_shop, shop, nicolae_shop_stone, shop
D:5:      layout_loops_corners, nicolae_hepliaklqana_hippocampus,
          nicolae_stop_n_shop_2, uniq_edmund, uniq_sigmund

Skill      XL: |  1  2  3  4  5  6 |
---------------+-------------------+-----
Axes           | 3 4 5 6 7 |  7.1
Shields        | 1 |  1.0
Armour         | 3 |  3.1
Fighting       | |  2.4
Throwing       | |  1.0
Dodging        | |  2.1
Spellcasting   | |  2.0
Translocations | |  2.4

Action                   |  1- 3 |  4- 6 |  7- 9 || total
-------------------------+-------+-------+-------++-------
Melee: Hand axe          |    49 |    58 |       ||   107
       Kick              |    13 |    17 |     2 ||    32
       Peck              |     7 |     9 |       ||    16
       War axe           |       |    26 |     9 ||    35
Throw: Javelin           |    23 |    72 |     3 ||    98
       Boomerang         |       |     3 |       ||     3
  Use: Scroll            |     6 |     7 |       ||    13
       Potion            |       |     3 |       ||     3
Armor: Leather armour    |     4 |     1 |       ||     5
       Scale mail        |       |     3 |       ||     3
       Chain mail        |       |    25 |     3 ||    28
Dodge: Dodged            |    39 |    20 |     1 ||    60
Block: Buckler           |       |     8 |     1 ||     9

Table legend:
 A = Non-vault XP
 B = Vault XP
 C = Vault XP percentage of total XP
 D = Non-vault monster count
 E = Vault monster count
 F = Vault count percentage of total count
                 A         B        C        D         E       F
            +---------+---------+-------+---------+---------+-------
      Total |     576 |      73 |  11.2 |      89 |       2 |   2.2
            +---------+---------+-------+---------+---------+-------
        D:1 |      38 |       0 |   0.0 |      19 |       0 |   0.0
        D:2 |      71 |      73 |  50.7 |      23 |       2 |   8.0
        D:3 |      51 |       0 |   0.0 |      16 |       0 |   0.0
        D:4 |     369 |       0 |   0.0 |      29 |       0 |   0.0
        D:5 |      47 |       0 |   0.0 |       2 |       0 |   0.0
            +---------+---------+-------+---------+---------+-------
